 Dungeon Crawl Stone Soup version 0.30-a0-626-gd6a5dd7a1f (webtiles) character file.

Game seed: 1849827952293608169

80 BaabKaare the Grave Robber (level 4, 0/26 (30) HPs)
             Began as a Human Necromancer on Jan 10, 2023.
             Slain by a necrophage (4 damage)
             ... on level 4 of the Dungeon.
             The game lasted 00:07:58 (1306 turns).

BaabKaare the Grave Robber (Human Necromancer)      Turns: 1306, Time: 00:07:59

HP:   0/26 (30)     AC:  2    Str: 11    XL:     4   Next: 65%
MP:   9/9           EV: 13    Int: 20    God:
Gold: 117           SH:  0    Dex: 19    Spells: 5/9 levels left

rFire   . . .      SeeInvis .    (no weapon)
rCold   . . .      Faith    .    (no shield)
rNeg    . . .      Spirit   .    a - +0 robe
rPois   .          Reflect  .    (no helmet)
rElec   .          Harm     .    (no cloak)
rCorr   .          Rampage  .    (no gloves)
Will    .....                    (no boots)
Stlth   ++                       h - amulet of magic regeneration
HPRegen 0.24/turn                j - ring "Imoar" {Will- Str+3 Int+2 Dex+6}
MPRegen 0.51/turn                (no ring)

@: heavily drained
A: no striking features
a: no special abilities


You were on level 4 of the Dungeon.
You visited 1 branch of the dungeon, and saw 3 of its levels.

You collected 117 gold pieces.

Inventory:

Armour
 a - a +0 robe (worn)
Jewellery
 d - a ring of fire
 h - an amulet of magic regeneration (around neck)
 j - the ring "Imoar" (left hand) {Will- Str+3 Int+2 Dex+6}
   (You found it on level 2 of the Dungeon)

   [ring of dexterity]

   Str:       It affects your strength (+3).
   Int:       It affects your intelligence (+2).
   Dex:       It affects your dexterity (+6).
   Will:      It decreases your willpower.
Scrolls
 c - 3 scrolls of identify {unknown}
 e - a scroll of immolation {unknown}
 k - a scroll of poison {unknown}
Potions
 b - a potion of magic
 f - 3 potions of brilliance {unknown}
 g - 3 potions of curing {unknown}
 i - a potion of degeneration {unknown}


   Skills:
 + Level 0.2 Fighting
 + Level 2.3 Dodging
 + Level 2.1 Stealth
 + Level 0.1 Unarmed Combat
 + Level 3.3 Spellcasting
 + Level 4.5 Necromancy


You had 5 spell levels left.
You knew the following spells:

 Your Spells              Type           Power      Damage    Failure   Level
a - Necrotise             Necr           84%        1d8       2%          1
b - Vampiric Draining     Necr           21%        2d7       6%          3

Your spell library contained the following spells:

 Spells                   Type           Power      Damage    Failure   Level
 Scorch                   Fire           6%         2d5       21%         2
 Animate Dead             Necr           21%        N/A       22%         4
 Agony                    Necr           21%        N/A       52%         5
 Flame Wave               Conj/Fire      3%         2d5       80%         4
 Conjure Ball Lightning   Conj/Air       1%         3x3d6     100%        6
 Summon Cactus Giant      Summ           1%         N/A       100%        6
 Discord                  Hex            1%         N/A       100%        8
 Disjunction              Tloc           1%         N/A       100%        8


Dungeon Overview and Level Annotations

Branches:
Dungeon (2/15)

Altars:


Message History

Confirm with . or Enter, or press ? or * to list all spells.
Aiming: Necrotise (safe; 2% risk of failure)
Press: ? - help, Shift-Dir - straight line, f - orc
Aim: an orc, wielding a +0 short sword and wearing a +0 ring mail (chance to affect: 90%)
The orc writhes in agony.
The orc hits you with a +0 short sword.
Casting: Necrotise (safe; 2% risk of failure)
Confirm with . or Enter, or press ? or * to list all spells.
Aiming: Necrotise (safe; 2% risk of failure)
Press: ? - help, Shift-Dir - straight line, f/p - orc
Aim: an orc, wielding a +0 short sword and wearing a +0 ring mail (moderately wounded, chance to affect: 90%)
The orc writhes in agony.
You kill the orc!
The dead are walking!
The necrophage attacks as you move away!
The necrophage hits you but does no damage.
The necrophage attacks as you move away!
The necrophage hits you.
A kobold comes into view. It is wielding a +0 club.
The kobold hits your orc skeleton with a +0 club.
The necrophage attacks as you move away!
The necrophage hits you.
You feel drained.
The necrophage attacks as you move away!
The necrophage barely misses you.
The necrophage attacks as you move away!
The necrophage hits you.
You feel drained.
The necrophage attacks as you move away!
The necrophage hits you.
* * * LOW HITPOINT WARNING * * *
The kobold hits your orc skeleton with a +0 club.
Your orc skeleton is destroyed!
The necrophage attacks as you move away!
The necrophage barely misses you. The orc wizard casts a spell at you.
The puff of flame misses you.
The orc wizard casts a spell.
The orc wizard flickers and vanishes!
Deactivating autopickup; reactivate with Ctrl-A.
The necrophage attacks as you move away!
The necrophage hits you.
You die...

########## ..<....... ####
##.################# ..#
##.....n.......#... #.#
##############.#.#######.##### #
#.....#...........# #
#.....#.#####.....# #
#....@n...........# #
#........######...#
##############..#.....####.#...
................#.#........#...#
##############.##.#........#
.... #....#..{.K...###.##
######.............#
#.......#####.# #..........o...


You could see a necrophage and a kobold.

Vanquished Creatures
  A hound (D:4)
  An adder (D:2)
  A worm (D:2)
  2 orcs (D:4)
  A bat (D:1)
  3 endoplasms
  4 goblins
  4 hobgoblins (D:1)
  A kobold (D:1)
  4 quokkas
  4 ball pythons (D:1)
  A frilled lizard (D:2)
  2 rats (D:2)
29 creatures vanquished.

Vanquished Creatures (collateral kills)
  A hobgoblin (D:1)
  A ball python (D:1)
  A rat (D:1)
3 creatures vanquished.

Grand Total: 32 creatures vanquished

Notes
Turn   | Place    | Note
-------+----------+-------------------------------------------
     0 | D:1      | BaabKaare the Human Necromancer began the quest for the
                  | Orb.
     0 | D:1      | Reached XP level 1. HP: 13/13 MP: 3/3
   113 | D:1      | Reached XP level 2. HP: 14/19 MP: 0/5
   813 | D:1      | Reached XP level 3. HP: 21/24 MP: 4/6
   866 | D:2      | Learned a level 3 spell: Vampiric Draining
   970 | D:2      | Identified the ring "Imoar" {Will- Str+3 Int+2 Dex+6}
  1160 | D:2      | You fall into a shaft and drop 2 floors!
  1184 | D:4      | Noticed a necrophage
  1232 | D:4      | Reached XP level 4. HP: 25/30 MP: 0/8
  1306 | D:4      | Slain by a necrophage

Illustrated notes

Levels and vault maps discovered:
D:1:      dpeg_arrival_orchard, layout_basic
D:2:      layout_basic
D:4:      layout_basic, dancing_weapons_uskayaw, cheibrodos_sewer_entry_sluice,
          uniq_eustachio, uniq_sigmund

Skill      XL: |  1  2  3 |
---------------+----------+-----
Spellcasting   | 3 |  3.3
Fighting       | |  0.2
Dodging        | |  2.3
Stealth        | |  2.1
Unarmed Combat | |  0.1
Necromancy     | |  4.5

Action                   |  1- 3 |  4- 6 || total
-------------------------+-------+-------++-------
Melee: Unarmed           |     8 |       ||     8
 Cast: Necrotise         |    46 |     6 ||    52
       Vampiric Draining |     3 |       ||     3
Armor: Robe              |     7 |     1 ||     8
Dodge: Dodged            |    38 |     8 ||    46

Table legend: (Time is in decaauts)
 A = Elapsed time spent in this place.
 B = Non-inter-level travel time spent in this place.
 C = Inter-level travel time spent in this place.
 D = Time resting spent in this place.
 E = Time spent auto-exploring this place.
 F = Levels seen in this place.
 G = Mean time per level.
                   A        B        C        D        E       F      G
               +--------+--------+--------+--------+--------+-----+--------+
         Total |   1305 |   1282 |     23 |    239 |    326 |   3 |  435.0 |
       Dungeon |   1305 |   1282 |     23 |    239 |    326 |   3 |  435.0 |
               +--------+--------+--------+--------+--------+-----+--------+

Top non-repeatable levels by time:
     D:1: 860 daAuts
     D:2: 299 daAuts
     D:4: 145 daAuts
